 Dungeon Sprint DCSS version 0.16-a0-4008-gc88e425 (webtiles) character file.

4900000 PolkaDot the Axe Maniac (level 20, -37/216 HPs)
             Began as a Demonspawn Gladiator on Feb 16, 2015.
             Was the Champion of Makhleb.
             Annihilated by a large bag of meat
             ... wielding a +9 giant spiked club
              (99 damage)
             ... in the Dungeon (Sprint VIII: "Arena of Blood").
             The game lasted 00:02:19 (49 turns).

PolkaDot the Axe Maniac (Demonspawn Gladiator)        Turns: 49, Time: 00:02:19

Health: -37/216    AC: 14    Str: 15    XL:     20   Next: 31%
Magic:  19/38      EV: 35    Int: 13    God:    Makhleb [******]
Gold:   0          SH:  0    Dex: 20    Spells: 0 memorised, 45 levels left

rFire  + . .     SeeInvis .     l - +∞ Axe of Woe
rCold  . . .     Clarity  .     b - +0 leather armour
rNeg   . . .     SustAb   .     (no shield)
rPois  .         Gourm    .     c - +0 helmet
rElec  .         Spirit   .     (no cloak)
rCorr  .         Warding  .     (gloves unavailable)
rMut   .         NoTele   +     (no boots)
MR     +....                    (no amulet)
Stlth  ++++++....               (no ring)
                                (no ring)

@: somewhat resistant to hostile enchantments, very stealthy
A: claws 3, iridescent scales 2, fire resistance 1, powered by death 3, robust
1, flame cloud immunity
a: Minor Destruction, Lesser Servant of Makhleb, Major Destruction, Greater
Servant of Makhleb, Renounce Religion


You were in the Dungeon.
You worshipped Makhleb.
Makhleb was exalted by your worship.
You were not hungry.

You visited 1 branch

Inventory:

Hand weapons
 a - a +0 war axe
 l - the +∞ Axe of Woe (weapon)
   (You found it in the Dungeon)
Missiles
 d - 3 throwing nets (quivered)
Armour
 b - a +0 leather armour (worn)
 c - a +0 helmet (worn)
Scrolls
 k - a scroll of blinking
Potions
 e - a potion of curing
 g - a potion of heal wounds
 h - a potion of haste
 i - 2 potions of magic
 j - a potion of berserk rage
Comestibles
 f - a bread ration


   Skills:
 O Level 27 Fighting
 O Level 27 Axes
 O Level 27 Throwing
 O Level 27 Armour
 O Level 27 Dodging
 + Level 14.5 Stealth
 + Level 13.4 Unarmed Combat
 + Level 13.4 Spellcasting
 + Level 18.1 Invocations


You had 45 spell levels left.
You didn't know any spells.

Dungeon Overview and Level Annotations

Branches:
Dungeon (1/1)

Altars:
Makhleb


Innate Abilities, Weirdness & Mutations

You have claws for hands.
You are mostly covered in iridescent scales (AC +6).
Your flesh is heat resistant.
You can steal the life force of all defeated enemies in sight.
You are robust (+10% HP).
You are immune to clouds of flame.


Message History

* * * LOW HITPOINT WARNING * * *
The bag of meat convulses!
You hear a shout! x3
The accursed appears out of thin air!
An accursed comes into view.
You hear a shout! x2 2 orcs, an ogre and a skeletal warrior come into view.
You hear a shout! x3
The destroyer blinks!
The eight-headed meat hydra calls on the powers of darkness!
The eight-headed meat hydra convulses!
The bag of meat convulses!
The bag of meat convulses!
The large bag of meat convulses!
Your body is wracked with pain!
* * * LOW HITPOINT WARNING * * *
The bag of meat convulses! x2
You hear a shout!
The corpses meld into agglomerations of writhing flesh!
You hear a shout! x2
The large bag of meat hits you with a +9 giant spiked club!!!!
You die...

. . ..... ..o
..... #.. ...# #.o
...# . ..###..
...###..
..o§...###D......
.....oooX.%.%.z...
.....#CX§§.#.....
. #§@§§_# .
#)§§§)#
...§§._.)%.......
.%..%.###.%......
..###V% ...###...
#.. ...# ..


#MO ..o.# ... ..... %...o.. You could see an accursed (wandering), an
eight-headed meat hydra, a destroyer, a sculptor of flesh, a large bag of meat
(inner flame), 2 large abominations, a meat berserker (berserk) and 6 bags of
meat.

Vanquished Creatures
  5 hill giants (D)
  8 ogres (D)
  23 orcs (D)
  A skeletal warrior (D)
  5 vampire knights (D)
  A crawling corpse (D)
43 creatures vanquished.

Vanquished Creatures (others)
  An orc (D)
  A crawling corpse (D)
2 creatures vanquished.

Grand Total: 45 creatures vanquished

Notes
Turn   | Place    | Note
--------------------------------------------------------------
     0 | D        | PolkaDot, the Demonspawn Gladiator, began the quest for the Orb.
     0 | D        | Reached XP level 1. HP: 16/16 MP: 1/1
     4 | D        | Became a worshipper of Makhleb the Destroyer
     5 | D        | Noticed a bag of meat
     6 | D        | Noticed a bag of meat
     7 | D        | Noticed a meat berserker
     7 | D        | Noticed a bag of meat
     8 | D        | Noticed a bag of meat
     8 | D        | Killed a bag of meat
     8 | D        | Reached skill level 9 in Fighting
     8 | D        | Reached skill level 16 in Axes
     8 | D        | Reached skill level 15 in Dodging
     8 | D        | Gained mutation: You have sharp fingernails. [demonic ancestry]
     8 | D        | Reached XP level 2. HP: 20/35 MP: 2/2
     8 | D        | Gained mutation: You have very sharp fingernails. [demonic ancestry]
     8 | D        | Reached XP level 3. HP: 23/41 MP: 3/3
     8 | D        | Gained mutation: You are partially covered in iridescent scales (AC +4). [demonic ancestry]
     8 | D        | Reached XP level 4. HP: 26/47 MP: 4/4
     8 | D        | Gained mutation: You can steal the life force of nearby defeated enemies. [demonic ancestry]
     8 | D        | Reached XP level 5. HP: 29/53 MP: 5/5
     8 | D        | Gained mutation: You have claws for hands. [demonic ancestry]
     8 | D        | Reached XP level 6. HP: 32/60 MP: 6/6
     8 | D        | Reached XP level 7. HP: 34/65 MP: 7/7
     8 | D        | Gained mutation: You can steal the life force of defeated enemies. [demonic ancestry]
     8 | D        | Reached XP level 8. HP: 37/72 MP: 8/8
     8 | D        | Gained mutation: You can steal the life force of all defeated enemies in sight. [demonic ancestry]
     8 | D        | Reached XP level 9. HP: 40/78 MP: 9/9
     8 | D        | Reached XP level 10. HP: 43/85 MP: 10/10
     8 | D        | Reached XP level 11. HP: 45/90 MP: 11/11
     9 | D        | Noticed a meat berserker
     9 | D        | Noticed a bag of meat
     9 | D        | Killed a meat berserker
     9 | D        | Acquired Makhleb's first power
     9 | D        | Reached skill level 18 in Axes
     9 | D        | Reached skill level 10 in Throwing
     9 | D        | Reached XP level 12. HP: 22/100 MP: 12/12
     9 | D        | Killed a bag of meat
     9 | D        | Reached skill level 19 in Axes
     9 | D        | Gained mutation: You are robust (+10% HP). [demonic ancestry]
     9 | D        | Reached XP level 13. HP: 22/119 MP: 13/13
    10 | D        | Noticed a meat berserker
    11 | D        | Noticed a bag of meat
    11 | D        | Killed a bag of meat
    11 | D        | Acquired Makhleb's second power
    11 | D        | Reached skill level 20 in Axes
    12 | D        | Noticed a bag of meat
    12 | D        | Killed a bag of meat
    12 | D        | Reached skill level 21 in Axes
    12 | D        | Reached XP level 14. HP: 116/132 MP: 14/14
    12 | D        | Killed a bag of meat
    12 | D        | Acquired Makhleb's third power
    12 | D        | Reached skill level 22 in Axes
    13 | D        | Noticed a bag of meat
    13 | D        | Noticed a bag of meat
    13 | D        | Noticed a bag of meat
    14 | D        | Noticed a bag of meat
    14 | D        | Noticed a meat berserker
    14 | D        | Noticed a bag of meat
    14 | D        | Killed a meat berserker
    14 | D        | Reached skill level 15 in Fighting
    14 | D        | Reached skill level 23 in Axes
    14 | D        | Gained mutation: You are mostly covered in iridescent scales (AC +6). [demonic ancestry]
    14 | D        | Reached XP level 15. HP: 138/141 MP: 15/15
    15 | D        | Noticed a bag of meat
    15 | D        | Killed a meat berserker
    15 | D        | Reached skill level 24 in Axes
    17 | D        | Noticed a bag of meat
    17 | D        | Killed a meat berserker
    17 | D        | Acquired Makhleb's fourth power
    17 | D        | Reached skill level 25 in Axes
    17 | D        | Reached skill level 1 in Armour
    17 | D        | Killed a bag of meat
    18 | D        | Noticed a bag of meat
    18 | D        | Killed a bag of meat
    18 | D        | Acquired Makhleb's fifth power
    18 | D        | Reached skill level 26 in Axes
    18 | D        | Gained mutation: Your flesh is heat resistant. [demonic ancestry]
    18 | D        | Reached XP level 16. HP: 153/155 MP: 16/16
    19 | D        | Noticed a bag of meat
    20 | D        | Noticed a meat berserker
    20 | D        | Killed a bag of meat
    20 | D        | Reached skill level 27 in Axes
    20 | D        | Killed a bag of meat
    20 | D        | Reached skill level 15 in Throwing
    20 | D        | Reached skill level 27 in Dodging
    21 | D        | Noticed a bag of meat
    21 | D        | Killed a bag of meat
    22 | D        | Noticed a bag of meat
    23 | D        | Killed a bag of meat
    23 | D        | Reached XP level 17. HP: 172/176 MP: 17/17
    23 | D        | Killed a bag of meat
    23 | D        | Noticed a large bag of meat
    24 | D        | Noticed a meat berserker
    24 | D        | Killed a bag of meat
    25 | D        | Noticed a large bag of meat
    25 | D        | Killed a meat berserker
    25 | D        | Reached skill level 10 in Armour
    26 | D        | Killed a bag of meat
    27 | D        | Noticed a bag of meat
    28 | D        | Killed a large bag of meat
    28 | D        | Reached skill level 27 in Fighting
    28 | D        | Reached XP level 18. HP: 198/200 MP: 18/18
    28 | D        | Killed a bag of meat
    29 | D        | Noticed a large bag of meat
    29 | D        | Noticed a meat berserker
    29 | D        | Killed a meat berserker
    29 | D        | Killed a bag of meat
    29 | D        | Reached skill level 15 in Armour
    30 | D        | Noticed a meat berserker
    30 | D        | Killed a large bag of meat
    30 | D        | Reached skill level 27 in Throwing
    30 | D        | Killed a bag of meat
    31 | D        | Noticed an eight-headed meat hydra
    31 | D        | Killed a bag of meat
    31 | D        | Gained mutation: You are immune to clouds of flame. [demonic ancestry]
    31 | D        | Reached XP level 19. HP: 207/207 MP: 18/18
    32 | D        | Noticed a bag of meat
    32 | D        | Killed a bag of meat
    32 | D        | Noticed a large bag of meat
    33 | D        | Noticed a bag of meat
    34 | D        | Killed a meat berserker
    34 | D        | Killed a meat berserker
    35 | D        | Noticed a destroyer
    36 | D        | Noticed a bag of meat
    36 | D        | Noticed a sculptor of flesh
    36 | D        | Noticed a large bag of meat
    37 | D        | Noticed a bag of meat
    37 | D        | Killed a large bag of meat
    37 | D        | Killed a destroyer
    37 | D        | Reached skill level 27 in Armour
    38 | D        | Noticed a bag of meat
    38 | D        | Noticed a bag of meat
    39 | D        | Noticed a destroyer
    40 | D        | Noticed a bag of meat
    40 | D        | Killed a sculptor of flesh
    41 | D        | Noticed a large bag of meat
    41 | D        | Noticed a destroyer
    42 | D        | Noticed a bag of meat
    42 | D        | Noticed a destroyer
    42 | D        | Noticed a sculptor of flesh
    42 | D        | Noticed a destroyer
    42 | D        | Noticed a destroyer
    42 | D        | Killed a bag of meat
    43 | D        | Noticed a bag of meat
    43 | D        | Killed a destroyer
    44 | D        | Noticed a destroyer
    45 | D        | Noticed a sculptor of flesh
    45 | D        | Killed a destroyer
    45 | D        | Reached skill level 10 in Unarmed Combat
    45 | D        | Reached skill level 10 in Spellcasting
    45 | D        | Reached XP level 20. HP: 122/216 MP: 18/36
    45 | D        | Killed a bag of meat
    46 | D        | Noticed a bag of meat
    46 | D        | Killed a destroyer
    46 | D        | Killed a large bag of meat
    47 | D        | Killed a bag of meat
    48 | D        | Killed a destroyer
    48 | D        | Killed a bag of meat
    48 | D        | Killed a large bag of meat
    48 | D        | Killed a bag of meat
    49 | D        | Noticed a bag of meat
    49 | D        | Noticed a sculptor of flesh
    49 | D        | Noticed a meat berserker
    49 | D        | Noticed a bag of meat
    49 | D        | Noticed an accursed
    49 | D        | Annihilated by a large bag of meat

Action                   |  1- 3 |  4- 6 |  7- 9 | 10-12 | 13-15 | 16-18 | 19-21 || total
-------------------------+-------+-------+-------+-------+-------+-------+-------++-------
Melee: Executioner's axe |     1 |       |       |     1 |     6 |    10 |    10 ||    28
